 Dungeon Crawl Stone Soup version 0.31-a0-656-gb4d89c20fa (webtiles) character file.

Game seed: 6166525066123481960

1313 HoaS the Skirmisher (level 8, 0/44 HPs)
             Began as a Tengu Hunter on Aug 30, 2023.
             Succumbed to Dowan's poison
             ... on level 5 of the Dungeon.
             The game lasted 00:15:47 (4362 turns).

HoaS the Skirmisher (Tengu Hunter)                  Turns: 4362, Time: 00:15:48

Health: 0/44       AC:  6    Str: 13    XL:     8   Next: 58%
Magic:  9/9        EV: 18    Int:  9    God:
Gold:   243        SH:  5    Dex: 19    Spells: 7/7 levels left

rFire   . . .        a - +1 shortbow (heavy)
rCold   . . .        (shield currently unavailable)
rNeg    . . .        c - +0 leather armour
rPois   .            (helmet restricted)
rElec   .            v - +2 cloak {Will+}
rCorr   .            (no gloves)
SInv    +            (boots unavailable)
Will    ++...        j - amulet of reflection
Stlth   ++           o - ring of flight
HPRegen 0.27/turn    p - ring of see invisible
MPRegen 0.11/turn

%: reflection
@: lethally poisoned (0 -> -2), on berserk cooldown, enlightened, flying, hasted
and slowed
A: beak, talons 3, nimble 2
a: no special abilities


You were on level 5 of the Dungeon.
You visited 1 branch of the dungeon, and saw 5 of its levels.

You collected 243 gold pieces.

Inventory:

Hand Weapons
 a - a +1 heavy shortbow (weapon)
Missiles
 d - a throwing net
Armour
 c - a +0 leather armour (worn)
 v - a +2 cloak of willpower (worn)
Jewellery
 j - an amulet of reflection (around neck)
 o - a ring of flight (left hand)
 p - a ring of see invisible (right hand)
 w - a ring of protection from cold
Wands
 q - a wand of roots (7)
Scrolls
 b - a scroll of butterflies
 f - 2 scrolls of teleportation
Potions
 e - a potion of resistance
 h - 2 potions of attraction
 i - a potion of mutation
 k - a potion of cancellation


   Skills:
 - Level 2.0 Fighting
 + Level 11.9 Ranged Weapons
 - Level 2.1 Dodging
 - Level 1.0 Stealth


You had 7 spell levels left.
You didn't know any spells.
Your spell library contained the following spells:

 Spells                   Type           Power      Damage    Failure   Level
 Blink                    Tloc           0%         N/A       61%         2
 Ensorcelled Hibernation  Hex/Ice        0%         N/A       61%         2
 Lesser Beckoning         Tloc           0%         N/A       61%         2
 Momentum Strike          Conj/Tloc      0%         3d8       61%         2
 Poisonous Vapours        Pois/Air       0%         N/A       61%         2
 Dazzling Flash           Conj/Hex       0%         N/A       83%         3
 Gell's Gravitas          Tloc           0%         N/A       83%         3
 Portal Projectile        Hex/Tloc       0%         N/A       83%         3
 Teleport Other           Tloc           0%         N/A       83%         3
 Volatile Blastmotes      Fire/Tloc      0%         2d10      83%         3
 Fulminant Prism          Conj/Hex       0%         3d5       99%         4
 Iskenderun's Mystic Bla  Conj/Tloc      0%         2d3       99%         4
 Vhi's Electric Charge    Tloc/Air       0%         N/A       99%         4
 Arcjolt                  Conj/Air       0%         1d10      100%        5
 Metabolic Englaciation   Hex/Ice        0%         N/A       100%        5
 Dispersal                Tloc           0%         N/A       100%        6
 Starburst                Conj/Fire      0%         6d3       100%        6
 Maxwell's Capacitive Co  Air            0%         ∞         100%        8


Dungeon Overview and Level Annotations

Branches:
Dungeon (5/15)
 Temple: D:4-7

Altars:
Wu Jian

Shops:
D:3 =


Innate Abilities, Weirdness & Mutations

You have a beak for a mouth.
You have claws for feet.
Your magical nature helps you fly and evade attacks. (EV +20% +4)


Message History

Dowan blinks!
Fire: a) +1 shortbow (heavy)
Press: ? - help, Q - select action, (/) - cycle Shift-Dir - straight line, f/p - Dowan
Aim: Dowan, wielding a +1 dagger of venom and wearing a +0 robe (almost dead, fast, 60% to hit)
You shoot an arrow. The arrow closely misses Dowan.
* * * LOW HITPOINT WARNING * * *
You feel very sick. Dowan completely misses you.
Fire: a) +1 shortbow (heavy)
Press: ? - help, Q - select action, (/) - cycle Shift-Dir - straight line, f/p - Dowan
Aim: Dowan, wielding a +1 dagger of venom and wearing a +0 robe (almost dead, fast, 60% to hit)
You shoot an arrow. The arrow hits Dowan!!
You kill Dowan!
* * * LOW HITPOINT WARNING * * *
You feel sick.
Okay, then.
There is a lethal amount of poison in your body!
It was a potion of enlightenment.
You feel more buoyant.
* * * LOW HITPOINT WARNING * * *
You feel sick.
It was a potion of haste.
You feel yourself speed up.
* * * LOW HITPOINT WARNING * * *
You feel sick.
It was a potion of berserk rage.
A red film seems to cover your vision as you go berserk!
You feel yourself moving faster!
You feel mighty!
* * * LOW HITPOINT WARNING * * *
You feel sick.
There is a lethal amount of poison in your body!
Unknown command.
You feel a strong urge to attack something.
* * * LOW HITPOINT WARNING * * *
You feel sick.
You feel your anger nearly subside.
You are no longer berserk.
You are exhausted.
You feel yourself slow down.
* * * LOW HITPOINT WARNING * * *
You feel sick.
You die...

..# #.# .. ..# ##.# .#
..# .##.# .# #.#
###.##.# .# #.## #...
#.# .# ...###.####.#
.######
............#####.......
...##.|##...[..).#
#.###..#########@#
[.###..# #)# .......#
#.# ######.# #.# # #.#
#.# # #.# #...# . ..#
.....# . #.#...# #
#.##...


There were no monsters in sight!

Vanquished Creatures
  A steam dragon (D:4)
  Menkaure (D:4)
  Duvessa (D:5)
  A water moccasin (D:5)
  An ogre (D:5)
  A gnoll sergeant (D:4)
  Dowan (D:5)
  3 jellies
  A howler monkey (D:4)
  An orc priest (D:4)
  An iguana (D:5)
  4 orc wizards (D:3)
  17 gnolls (D:4)
  3 adders
  2 worms
  A dart slug (D:3)
  27 orcs
  4 endoplasms
  3 giant cockroaches
  6 goblins
  7 hobgoblins
  20 jackals
  3 quokkas
  6 ball pythons
  4 bats
  2 frilled lizards (D:1)
  5 kobolds
  6 rats
133 creatures vanquished.

Notes
Turn   | Place    | Note
-------+----------+-------------------------------------------
     0 | D:1      | HoaS the Tengu Hunter began the quest for the Orb.
     0 | D:1      | Reached XP level 1. HP: 12/12 MP: 2/2
   106 | D:1      | Reached XP level 2. HP: 15/17 MP: 3/3
   330 | D:1      | Reached skill level 5 in Ranged Weapons
   712 | D:2      | Reached XP level 3. HP: 21/21 MP: 4/4
  1005 | D:2      | Identified the +2 ring mail of the Zebrataur {Contam Will++
                  | rCorr}
  1352 | D:3      | Reached skill level 6 in Ranged Weapons
  1352 | D:3      | Reached XP level 4. HP: 24/26 MP: 5/5
  1627 | D:3      | Found an ornate altar of the Wu Jian Council.
  1722 | D:3      | Reached XP level 5. HP: 10/30 MP: 6/6
  1729 | D:3      | Reached skill level 7 in Ranged Weapons
  2406 | D:3      | Found Cupseci Toke's Jewellery Boutique.
  2683 | D:4      | Reached XP level 6. HP: 35/35 MP: 7/7
  2791 | D:4      | Noticed a steam dragon
  2846 | D:4      | Reached skill level 8 in Ranged Weapons
  2941 | D:4      | Noticed Menkaure
  3162 | D:4      | Gained mutation: Your magical nature helps you fly and
                  | evade attacks. (EV +20% +4) [Tengu growth]
  3162 | D:4      | Reached XP level 7. HP: 40/40 MP: 8/8
  3206 | D:4      | Reached skill level 9 in Ranged Weapons
  4047 | D:4      | Killed a steam dragon
  4048 | D:4      | Reached skill level 10 in Ranged Weapons
  4117 | D:4      | Killed Menkaure
  4118 | D:4      | Reached XP level 8. HP: 19/44 MP: 9/9
  4242 | D:4      | Got the Guidebook on Spellbinding Haze
  4245 | D:5      | Entered Level 5 of the Dungeon
  4312 | D:5      | Noticed Duvessa
  4318 | D:5      | Noticed Dowan
  4326 | D:5      | Reached skill level 11 in Ranged Weapons
  4327 | D:5      | Killed Duvessa
  4355 | D:5      | Killed Dowan
  4357 | D:5      | HP: 2/44 [poisoned by Dowan]
  4362 | D:5      | Succumbed to Dowan's poison

Illustrated notes

Levels and vault maps discovered:
D:1:      psy_arrival_dodecagon, layout_basic
D:2:      layout_loops_ring
D:3:      layout_basic, pdpol_wu_jian_five_deadly_venoms, serial_shops, shop
D:4:      lemuel_castle_with_subvaults [lemuel_castle_interior_carwin_3],
          layout_basic, uniq_menkaure
D:5:      layout_loops_ring, zin_scriptorium, uniq_duvessa

Skill      XL: |  1  2  3  4  5  6  7  8 |
---------------+-------------------------+-----
Ranged Weapons | 5 6 7 8 10 11 | 11.9
Fighting       | |  2.0
Dodging        | |  2.1
Stealth        | |  1.0

Action                     |  1- 3 |  4- 6 |  7- 9 || total
---------------------------+-------+-------+-------++-------
  Melee: Unarmed           |       |       |    18 ||    18
   Fire: Shortbow          |   103 |   212 |   191 ||   506
  Evoke: Wand              |       |       |     1 ||     1
    Use: Scroll            |     4 |     2 |     6 ||    12
         Potion            |       |     3 |     6 ||     9
 Armour: Leather armour    |     5 |    11 |    11 ||    27
         Skin              |       |       |    28 ||    28
  Dodge: Dodged            |    34 |    60 |    84 ||   178
  Block: Other             |     7 |    27 |    19 ||    53
         Reflection        |     2 |       |     1 ||     3

Table legend: (Time is in decaauts)
 A = Elapsed time spent in this place.
 B = Non-inter-level travel time spent in this place.
 C = Inter-level travel time spent in this place.
 D = Time resting spent in this place.
 E = Time spent auto-exploring this place.
 F = Levels seen in this place.
 G = Mean time per level.
                   A        B        C        D        E       F      G
               +--------+--------+--------+--------+--------+-----+--------+
         Total |   4387 |   4248 |    139 |    460 |   2926 |   5 |  877.4 |
       Dungeon |   4387 |   4248 |    139 |    460 |   2926 |   5 |  877.4 |
               +--------+--------+--------+--------+--------+-----+--------+

Top non-repeatable levels by time:
     D:4: 1717 daAuts
     D:3: 1195 daAuts
     D:1: 684 daAuts
     D:2: 670 daAuts
     D:5: 120 daAuts
